 Dungeon Crawl Stone Soup version 0.30.1-8-g117510f58f (webtiles) character file.

Game seed: 13117747046336453139

2306 wolfrpgdude the Fighter (level 9, -1/74 (81) HPs)
             Began as a Minotaur Fighter on Aug 2, 2023.
             Was a Priest of Okawaru.
             Slain by a phantom (2 damage)
             ... on level 6 of the Dungeon on Sept 24, 2023.
             The game lasted 00:10:33 (4887 turns).

wolfrpgdude the Fighter (Minotaur Fighter)          Turns: 4887, Time: 00:10:34

HP:   -1/74 (81)    AC: 15    Str: 25    XL:     9   Next: 18%
MP:   8/8           EV:  9    Int:  5    God:    Okawaru [***...]
Gold: 210           SH: 10    Dex: 10    Spells: 8/8 levels left

rFire   . . .        t - +1 long sword (heavy)
rCold   . . .        c - +0 buckler
rNeg    . . .        b - +0 scale mail
rPois   +            (helmet restricted)
rElec   +            o - +2 cloak {Stlth+}
rCorr   .            (no gloves)
SInv    +            (no boots)
Will    .....        e - amulet of Mesoadec {Reflect rElec SH+5 SInv}
Stlth   +            p - +4 ring of protection
HPRegen 0.32/turn    q - ring of poison resistance
MPRegen 0.11/turn

%: reflection
@: drained
A: horns 2, retaliatory headbutt
a: Renounce Religion, Heroism


You were on level 6 of the Dungeon.
You worshipped Okawaru.
Okawaru was most pleased with you.
You visited 2 branches of the dungeon, and saw 7 of its levels.
You also visited: Ossuary.

You collected 210 gold pieces.

Inventory:

Hand Weapons
 a - a +0 war axe
 t - a +1 heavy long sword (weapon)
Missiles
 y - 2 throwing nets (quivered)
Armour
 b - a +0 scale mail (worn)
 c - a +0 buckler (worn)
 o - a +2 cloak of stealth (worn)
Jewellery
 e - the amulet of Mesoadec (around neck) {Reflect rElec SH+5 SInv}
   (You acquired it on level 2 of the Dungeon)

   [amulet of reflection]

   It reflects blocked missile attacks.
   rElec:     It insulates you from electricity.
   SInv:      It lets you see invisible.
   SH:        It affects your SH (+5).
 p - a +4 ring of protection (left hand)
 q - a ring of poison resistance (right hand)
 z - an amulet of faith
Wands
 v - a wand of flame (4)
Scrolls
 k - 2 scrolls of teleportation
 r - a scroll of amnesia
 u - 4 scrolls of identify
 w - a scroll of fog {unknown}
 x - a scroll of noise {unknown}
 A - a scroll of immolation
Potions
 d - 4 potions of might
 f - a potion of haste
 g - 9 potions of curing
 h - a potion of degeneration {unknown}
 i - 4 potions of lignification {unknown}
 j - 2 potions of attraction {unknown}
 l - a potion of ambrosia {unknown}
 m - 4 potions of flight
 n - 2 potions of magic {unknown}
 s - 4 potions of heal wounds {unknown}


   Skills:
 + Level 8.3 Fighting
 + Level 7.6 Axes
 + Level 8.2 Armour
 + Level 8.2 Shields


You had 8 spell levels left.
You didn't know any spells.
Your spell library was empty.

Dungeon Overview and Level Annotations

Branches:
Dungeon (6/15)             Temple (1/1) D:4         Ossuary (visited)

Altars:
Ashenzari
Dithmenos
Fedhas
Gozag
Hepliaklqana
Kikubaaqudgha
Nemelex Xobeh
Okawaru
Qazlal
Ru
Trog
Wu Jian
Yredelemnul
Zin
The Shining One

Shops:
D:2 ?


Innate Abilities, Weirdness & Mutations

You have a pair of horns on your head.
You reflexively headbutt those who attack you in melee.


Message History

* * * LOW HITPOINT WARNING * * *
You feel drained.
* * * LOW HITPOINT WARNING * * *
You slash the wight!
The wight is almost destroyed.
You block the wight's attack. The wight barely misses you.
You furiously retaliate!
You headbutt the wight!
You destroy the wight!
Okawaru accepts your kill.
Okawaru will now gift you throwing weapons as you gain piety.
The phantom hits you.
* * * LOW HITPOINT WARNING * * *
The phantom blinks!
You blink.
You closely miss the phantom. Your headbutt misses the phantom.
The phantom hits you but does no damage. x2
You barely miss the phantom.
The phantom hits you but does no damage.
You block the phantom's attack.
You slash the phantom!
The phantom is moderately damaged.
The phantom hits you.
* * * LOW HITPOINT WARNING * * *
The phantom closely misses you.
You hit the phantom.
The phantom is heavily damaged.
The phantom hits you but does no damage.
The phantom hits you.
* * * LOW HITPOINT WARNING * * *
The phantom blinks!
You blink.
The phantom hits you but does no damage.
You hit the phantom but do no damage.
The phantom is heavily damaged.
The phantom hits you but does no damage. x2
You closely miss the phantom. You headbutt the phantom!
The phantom is almost destroyed.
The phantom hits you but does no damage.
The phantom hits you.
* * * LOW HITPOINT WARNING * * *
The phantom blinks!
You blink.
The phantom hits you.
You die...

#...........#
#..#.#.#.#..#
##..........#
#.#.#§#.#..#
#....§.....#
#.#.#.#.#..#
#...........#
#..#.#.#.#.W#
#.........@.#
#...........#
#############


You could see a phantom.

Vanquished Creatures
  The ghost of booth the Caller, a novice GnSu (D:6)
  Sigmund (D:2)
  A water moccasin (D:6)
  An ogre (D:6)
  A centaur (D:6)
  5 water moccasin zombies (Ossuary)
  A bullfrog (D:6)
  A gnoll sergeant (D:6)
  A scorpion (D:5)
  3 wights (D:6)
  2 howler monkeys (D:6)
  2 jellies
  5 hounds
  2 orc priests
  A sleepcap (D:6)
  4 iguanas
  2 orc wizards
  2 mummies (Ossuary)
  15 gnolls
  7 adders
  A shadow imp (D:5)
  7 adder zombies (Ossuary)
  A dart slug (D:1)
  15 orcs
  4 ball pythons
  9 endoplasms
  A giant cockroach (D:1)
  3 gnoll zombies (Ossuary)
  7 hobgoblins
  2 jackals (D:4)
  5 kobolds
  5 quokkas
  5 bats
  2 frilled lizards (D:1)
  6 goblins
  5 hobgoblin zombies (Ossuary)
  4 kobold zombies (Ossuary)
  6 orc zombies (Ossuary)
  4 rats
150 creatures vanquished.

Notes
Turn   | Place    | Note
-------+----------+-------------------------------------------
     0 | D:1      | wolfrpgdude the Minotaur Fighter began the quest for the
                  | Orb.
     0 | D:1      | Reached XP level 1. HP: 19/19 MP: 0/0
   220 | D:1      | Reached XP level 2. HP: 27/27 MP: 1/1
   756 | D:1      | Reached XP level 3. HP: 32/33 MP: 2/2
   877 | D:2      | Identified a scroll of acquirement
   877 | D:2      | Acquired the amulet of Mesoadec {Reflect rElec SH+5 SInv}
  1072 | D:2      | Noticed Sigmund
  1083 | D:2      | Killed Sigmund
  1084 | D:2      | Reached XP level 4. HP: 31/41 MP: 3/3
  1084 | D:2      | Reached XP level 5. HP: 36/47 MP: 4/4
  1149 | D:2      | Found Ogalim's Magic Scroll Emporium.
  1669 | D:3      | Reached skill level 5 in Fighting
  1674 | D:3      | Reached skill level 5 in Shields
  2038 | D:3      | Reached skill level 5 in Armour
  2260 | D:4      | Reached XP level 6. HP: 56/56 MP: 5/5
  2260 | D:4      | Upgraded the game from 0.30.1-3-gfc49f6343a to
                  | 0.30.1-8-g117510f58f
  2289 | D:4      | Found a broken altar of Ashenzari.
  2406 | D:4      | Found a sand-covered staircase.
  2415 | Ossuary  | Entered an ossuary
  2503 | Ossuary  | Reached skill level 5 in Axes
  2503 | Ossuary  | Reached XP level 7. HP: 60/62 MP: 6/6
  3015 | D:4      | Found a staircase to the Ecumenical Temple.
  3021 | Temple   | Entered the Ecumenical Temple
  3155 | Temple   | Became a worshipper of Warmaster Okawaru
  3523 | D:5      | Entered Level 5 of the Dungeon
  3523 | D:5      | Found a hazy altar of Hepliaklqana.
  3676 | D:5      | Reached XP level 8. HP: 66/71 MP: 7/7
  3820 | D:5      | Found a glowing golden altar of the Shining One.
  4047 | D:5      | Found a blossoming altar of Fedhas.
  4327 | D:6      | Found an ancient bone altar of Kikubaaqudgha.
  4334 | D:6      | Reached * piety under Okawaru
  4731 | D:6      | Found a runed translucent door.
  4737 | D:6      | Reached ** piety under Okawaru
  4774 | D:6      | Noticed booth's ghost (novice GnSu)
  4787 | D:6      | Killed booth's ghost
  4788 | D:6      | Reached XP level 9. HP: 74/81 MP: 8/8
  4879 | D:6      | Reached *** piety under Okawaru
  4884 | D:6      | HP: 3/74 [phantom (5)]
  4887 | D:6      | HP: 1/74 [phantom (4)]
  4887 | D:6      | Slain by a phantom

Illustrated notes

Levels and vault maps discovered:
D:1:      roderic_chinese_lattice_arrival, layout_basic
D:2:      minmay_wonky_spiral, layout_rooms, serial_shops, shop_fountains,
          uniq_sigmund
D:3:      minmay_angry_zag, layout_loops_corners, kennysheep_generic_room_3
D:4:      layout_basic, mainiacjoe_overflow_small_starburst,
          minmay_temple_entry_enclosed_plants, chequers_ossuary_entry_cave
D:5:      layout_rooms, mainiacjoe_overflow_cross_hatched, tso_altar,
          mainiacjoe_overflow_brackets, palyth_stone_intersect
D:6:      minmay_razor_zed, layout_basic, demons_altar,
          nicolae_kikubaaqudgha_miasma_corner, ebering_ghost_sewer_d,
          serial_glass, glass_columns_c, glass_columns_c
Temple:   zaba_magenta_temple

Skill      XL: |  1  2  3  4  5  6  7  8 |
---------------+-------------------------+-----
Fighting       | 4 5 6 8 |  8.3
Armour         | 4 5 6 8 |  8.2
Shields        | 4 5 6 8 |  8.2
Axes           | 3 4 5 7 |  7.6

Action                     |  1- 3 |  4- 6 |  7- 9 || total
---------------------------+-------+-------+-------++-------
  Melee: War axe           |    56 |   121 |    94 ||   271
         Headbutt          |     8 |    24 |    36 ||    68
         Long sword        |       |       |   121 ||   121
    Use: Scroll            |     4 |     3 |     2 ||     9
         Potion            |       |       |     1 ||     1
 Armour: Scale mail        |    26 |    46 |   165 ||   237
  Dodge: Dodged            |    23 |    46 |   123 ||   192
  Block: Buckler           |    18 |    70 |   175 ||   263
         Reflection        |       |       |     2 ||     2
